 Dungeon Crawl Stone Soup version 0.29-a0-393-g47a863cc1b (webtiles) character file.

Game seed: 10641645233018019615

12 Lekart the Skirmisher (level 2, -6/27 HPs)
             Began as a Draconian Chaos Knight on May 9, 2022.
             Was a Plaything of Xom.
             Engulfed by a cloud of flame (30 damage)
             ... on level 1 of the Dungeon.
             The game lasted 00:00:43 (506 turns).

Lekart the Skirmisher (Draconian Chaos Knight)       Turns: 506, Time: 00:00:44

Health: -6/27      AC:  4    Str: 14      XL:     2   Next: 20%
Magic:  2/2        EV: 12    Int: 12      God:    Xom [......]
Gold:   15         SH:  0    Dex:  8 (10) Spells: 1/1 levels left

rFire   . . .      SeeInvis .   a - +0 falchion (chaos)
rCold   . . .      Faith    .   (no shield)
rNeg    . . .      Spirit   .   (body armour unavailable)
rPois   .          Reflect  .   (helmet restricted)
rElec   .          Harm     .   (no cloak)
rCorr   .          Rampage  .   (no gloves)
Will    .....                   (no boots)
Stlth   +.........              (no amulet)
HPRegen 0.09/turn               (no ring)
MPRegen 0.08/turn               (no ring)

@: no status effects
A: AC +4, unfitting armour, cold-blooded
a: Renounce Religion


You were on level 1 of the Dungeon.
You worshipped Xom.
You were a very special plaything of Xom.
You visited 1 branch of the dungeon, and saw 1 of its levels.

You collected 15 gold pieces.

Inventory:

Hand Weapons
 a - a +0 falchion of chaos (weapon)
Scrolls
 c - a scroll of magic mapping {unknown}
 d - a scroll of identify {unknown}
Potions
 e - a potion of curing {unknown}
Miscellaneous
 b - a piece from Xom's chessboard (15/15) (quivered)


   Skills:
 * Level 3.7 Fighting
 + Level 3.2 Long Blades
 + Level 2.2 Dodging


You had one spell level left.
You didn't know any spells.
Your spell library was empty.

Dungeon Overview and Level Annotations

Branches:
Dungeon (1/15)

Altars:


Innate Abilities, Weirdness & Mutations

Your plain brown scales are hard. (AC +4)
You cannot fit into any form of body armour.
You are cold-blooded and may be slowed by cold attacks.


Message History

You kill the goblin!
Key pressed, stopping explore.
No target in view!
A giant cockroach comes into view.
No reachable target in view!
A giant cockroach is nearby!
No reachable target in view!
A giant cockroach is nearby!
No reachable target in view!
A giant cockroach is nearby!
Found a scroll labelled NUNLYA GULIEDU and 25 stones.
Really walk into a travel-excluded area?
Found a scroll labelled NUNLYA GULIEDU.
You are engulfed in blazing flames.
Ouch! That really hurt!
* * * LOW HITPOINT WARNING * * *
You see here a scroll labelled CEIGOB CUSOAN.
A giant cockroach is nearby!
A giant cockroach is nearby!
A giant cockroach is nearby!
You start resting. "Let's try an experiment, hmmm?"
A monocle briefly appears over your left eye.
You are now a very special plaything of Xom.
You start resting.
HP restored.
Xom's malign attention turns to you for a moment.
You feel clumsy.
Really walk into a travel-excluded area? "Time to have some fun!"
The shadow imp shouts, "Scamper home, thou pottle-deep beef-witted bandersnitch!"
The quasit closely misses you. The quasit claws you.
You feel clumsy. The quasit claws you. The quasit attacks as you move away!
The quasit bites you but does no damage.
The quasit claws you but does no damage. x2
You are engulfed in blazing flames.
Ouch! That really hurt!
You die...

# #○ #☼○∆ #...##########
.?((.○○§.)...## ##
..?..§§°55##..# ##..
...$.☼§@.####.#######...
#...###### #...........
# ########.... ##....
##..... #..#... ##
#.##... .r.#.###..
#.##....##.†


You could see a quasit (summoned) and a shadow imp (summoned).

Vanquished Creatures
  2 ball pythons (D:1)
  A goblin (D:1)
  3 jackals (D:1)
  3 quokkas (D:1)
9 creatures vanquished.

Vanquished Creatures (others)
  An endoplasm (D:1)
1 creature vanquished.

Grand Total: 10 creatures vanquished

Notes
Turn   | Place    | Note
-------+----------+-------------------------------------------
     0 | D:1      | Lekart the Draconian Chaos Knight began the quest for the
                  | Orb.
     0 | D:1      | Reached XP level 1. HP: 19/19 MP: 1/1
   117 | D:1      | XOM: silly message
   122 | D:1      | Reached XP level 2. HP: 22/27 MP: 2/2
   225 | D:1      | XOM: divination: detect items
   348 | D:1      | XOM: silly message
   484 | D:1      | XOM: stat loss: -1 Dex (9/10)
   502 | D:1      | XOM: summons 2 hostile demons
   506 | D:1      | Engulfed by a cloud of flame

Illustrated notes

Levels and vault maps discovered:
D:1:      ncdulo_wetmaze, layout_rooms, lemuel_flame_loot_1

Action                   || total
-------------------------++-------
Melee: Falchion          ||    19
       Tailslap          ||     1
Armor: Skin              ||    10
Dodge: Dodged            ||    31

Table legend: (Time is in decaauts)
 A = Elapsed time spent in this place.
 B = Non-inter-level travel time spent in this place.
 C = Inter-level travel time spent in this place.
 D = Time resting spent in this place.
 E = Time spent auto-exploring this place.
 F = Levels seen in this place.
 G = Mean time per level.
                   A        B        C        D        E       F      G
               +--------+--------+--------+--------+--------+-----+--------+
         Total |    515 |    515 |      0 |    208 |    229 |   1 |  515.0 |
       Dungeon |    515 |    515 |      0 |    208 |    229 |   1 |  515.0 |
               +--------+--------+--------+--------+--------+-----+--------+

Top non-repeatable levels by time:
     D:1: 515 daAuts
